Golden Knights vs Stars
Created - May 22, 2021 at 19:10
Goals
|
Golden Knights |
1 |
3 |
1 |
5 |
Stars |
2 |
1 |
0 |
3 |
|
Shots
|
Golden Knights |
12 |
10 |
9 |
31 |
Stars |
9 |
8 |
6 |
23 |
|
1st period
1. Golden Knights , Ilya Kovalchuk 4 (Michael Frolik 11, Andrei Loktionov 1) at 5:09
2. Stars , Alex Chiasson 1 (Shane O'Brien 1, Jussi Jokinen 2) at 11:11
3. Stars , Jussi Jokinen 2 (Antoine Vermette 3, Paul Ladue 1) at 17:12
Penalties :
No Penalty
2nd period
4. Golden Knights , Jared Cowen 1 (Michael Frolik 12, Zach Bogosian 5) at 1:07 (PP)
5. Golden Knights , Wayne Simmonds 3 (Zach Bogosian 6, Michael Frolik 13) at 6:27
6. Golden Knights , Ilya Kovalchuk 5 (Michael Frolik 14, Andrei Loktionov 2) at 7:22 (PP)
7. Stars , Michael Grabner 3 (John Tavares 8, Cory Emmerton 4) at 14:16
Penalties :
Boris Valabik (Dal) for Cross-checking (Minor) at 0:45, Andrei Loktionov (Vgs) for Holding Stick (Minor) at 2:03, John Tavares (Dal) for Hooking (Minor) at 6:52, Boris Valabik (Dal) for Hooking (Minor) at 11:07, Guillaume Latendresse (Dal) for High sticking (Minor) at 14:43, Ilya Kovalchuk (Vgs) for Hooking (Minor) at 19:14
3rd period
8. Golden Knights , Thomas Vanek 5 (Matt Stajan 4, Wayne Simmonds 4) at 18:22
Penalties :
Vladimir Mihalik (Vgs) for Interference (Minor) at 5:23, Shane O'Brien (Dal) for Interference (Minor) at 10:46, Zach Bogosian (Vgs) for Hooking (Minor) at 14:06
Goalie Stats
Ondrej Pavelec (Vgs), 20 saves from 23 shots - (0.870), W, 4-2-1, 60:00 minutes
Matt Murray (Dal), 12 saves from 13 shots - (0.923), 32:38 minutes
Cory Schneider (Dal), 14 saves from 18 shots - (0.778), L, 2-2-1, 27:22 minutes
Players Stats for Golden Knights
Player Name G A P +/- PIM S H SB GA TA FO MP PP MP PK MP
------------------------------------------------------------------------------------
Andrei Loktionov 0 2 2 0 2 3 3 0 1 0 14/30 18:35 4:09 1:08
Chris Tierney 0 0 0 0 0 2 0 1 0 0 1/4 7:32 0:00 0:45
Ilya Kovalchuk 2 0 2 0 2 5 2 0 0 2 1/3 20:51 4:09 3:21
Jared Cowen 1 0 1 -3 0 1 0 3 0 1 0/0 27:51 4:01 4:44
Mathew Dumba 0 0 0 1 0 2 4 1 0 0 0/0 20:46 2:48 3:12
Matt Stajan 0 1 1 1 0 3 1 0 1 0 4/9 17:37 2:34 1:39
Michael Frolik 0 4 4 0 0 4 0 0 0 1 4/7 22:34 4:15 4:51
Michael Kostka 0 0 0 0 0 0 1 2 0 0 0/0 20:01 2:48 3:12
Nathan Horton 0 0 0 -1 0 2 1 0 0 0 0/0 10:47 0:06 0:00
Patrice Cormier 0 0 0 -1 0 0 1 2 0 0 1/4 10:47 0:06 0:00
Sergei Plotnikov 0 0 0 0 0 0 0 0 0 1 0/0 9:49 0:00 2:01
Shawn Matthias 0 0 0 -1 0 1 0 0 0 0 0/0 13:49 0:00 2:02
Thomas Vanek 1 0 1 1 0 2 3 0 0 1 0/0 15:59 2:34 0:05
Vladimir Mihalik 0 0 0 2 2 0 2 1 0 0 0/0 12:45 0:00 0:12
Vladimir Zharkov 0 0 0 0 0 1 1 0 0 0 0/0 6:37 0:00 0:00
Wayne Simmonds 1 1 2 1 0 1 1 0 1 2 0/0 15:54 2:34 0:00
Wes O'Neill 0 0 0 3 0 0 0 1 0 0 0/0 12:56 0:00 0:48
Zach Bogosian 0 2 2 -3 2 4 0 0 1 2 0/0 26:50 4:01 3:44
Players Stats for Stars
Player Name G A P +/- PIM S H SB GA TA FO MP PP MP PK MP
------------------------------------------------------------------------------------
Alex Chiasson 1 0 1 1 0 4 0 0 2 0 2/2 15:40 3:30 0:00
Alexander Frolov 0 0 0 -1 0 0 4 0 0 0 0/0 12:22 0:09 1:23
Antoine Vermette 0 1 1 1 0 0 1 0 2 0 6/12 16:12 3:30 0:32
B.J. Crombeen 0 0 0 -1 0 0 0 0 0 1 0/0 10:54 0:04 0:00
Boris Valabik 0 0 0 1 4 0 0 0 1 0 0/0 20:02 3:53 1:46
Brian Lee 0 0 0 -1 0 2 0 2 0 0 0/0 27:53 4:03 4:45
Cam Atkinson 0 0 0 0 0 1 0 0 0 0 0/0 7:10 0:00 0:00
Cory Emmerton 0 1 1 -1 0 0 3 0 0 1 3/3 10:59 0:09 0:00
Evgeny Grachev 0 0 0 0 0 1 1 1 0 0 3/5 9:08 0:00 1:58
Guillaume Latendresse 0 0 0 0 2 2 3 2 2 0 0/0 22:23 4:17 3:02
Ian White 0 0 0 -1 0 0 1 1 0 2 0/0 27:31 4:03 4:14
John Tavares 0 1 1 0 2 3 2 1 1 0 15/32 22:51 4:22 3:25
Jussi Jokinen 1 1 2 1 0 2 1 1 1 0 2/2 17:39 3:30 1:59
Michael Grabner 1 0 1 0 0 4 0 0 1 0 1/1 20:41 4:17 1:19
Paul Ladue 0 1 1 0 0 3 2 0 0 0 0/0 13:06 0:00 1:21
Shane O'Brien 0 1 1 1 2 0 1 3 0 0 0/0 19:49 3:53 1:32
Ted Purcell 0 0 0 0 0 1 0 0 0 0 0/0 7:10 0:00 0:00
Tyson Barrie 0 0 0 0 0 0 0 1 0 0 0/0 11:36 0:00 0:00
3 Stars
1 - Michael Frolik (Vgs)
2 - Wayne Simmonds (Vgs)
3 - Ilya Kovalchuk (Vgs)
Power Play
Golden Knights - 2 on 5 Attempt(s) - 40.00%
Stars - 0 on 4 Attempt(s) - 0.00%
Penalty Kill
Golden Knights - 4 on 4 Attempt(s) - 100.00%
- Score 0 goal in Penalty Kill
Stars - 3 on 5 Attempt(s) - 60.00%
- Score 0 goal in Penalty Kill
Team Stat
Golden Knights - Hits : 20 - Faceoff Wins : 25 - Blocked Shots : 11 - Penalty Minutes : 8
Stars - Hits : 19 - Faceoff Wins : 32 - Blocked Shots : 12 - Penalty Minutes : 10
Official
Referees : Unknown
Linesman : Unknown
Game Notes
11:11 of 1st period - Stars goal is going for a video replay. After video review, Goal.
Matt Murray enters game at 7:22 of 2nd period
Finance
Level 1 -- Attendance: 6000 (100.00%) -- Ticket Income $750,000
Level 2 -- Attendance: 4846 (96.92%) -- Ticket Income $363,450
Level 3 -- Attendance: 1979 (98.95%) -- Ticket Income $98,950
Level 4 -- Attendance: 3525 (88.13%) -- Ticket Income $141,000
Luxury Box -- Attendance: 960 (96.00%) -- Ticket Income $240,000
Game was played at the American Airlines Center.
Total Attendance: 17310 (96.17%)
Total Ticket Income: $1,593,400
Other Income: $239,010
Total Income: $1,832,410
Golden Knights
5 vs 5 Forward
Center Left Wing Right Wing Time % Phy DF OF
1 Andrei Loktionov Ilya Kovalchuk Michael Frolik 40 1 2 2
2 Matt Stajan Thomas Vanek Wayne Simmonds 30 1 2 2
3 Patrice Cormier Shawn Matthias Nathan Horton 20 1 2 2
4 Chris Tierney Sergei Plotnikov Vladimir Zharkov 10 1 2 2
5 vs 5 Defense
Defense Defense Time % Phy DF OF
1 Zach Bogosian Jared Cowen 40 1 2 2
2 Michael Kostka Mathew Dumba 30 1 2 2
3 Vladimir Mihalik Wes O'Neill 20 1 2 2
4 Zach Bogosian Jared Cowen 10 1 2 2
PowerPlay Forward
Center Left Wing Right Wing Time % Phy DF OF
1 Andrei Loktionov Ilya Kovalchuk Michael Frolik 60 1 2 2
2 Matt Stajan Thomas Vanek Wayne Simmonds 40 1 2 2
PowerPlay Defense
Defense Defense Time % Phy DF OF
1 Zach Bogosian Jared Cowen 60 1 2 2
2 Michael Kostka Mathew Dumba 40 1 2 2
Penalty Kill 4 Players Forward
Center Wing Time % Phy DF OF
1 Michael Frolik Ilya Kovalchuk 60 1 2 2
2 Andrei Loktionov Matt Stajan 40 1 2 2
Penalty Kill 4 Players Defense
Defense Defense Time % Phy DF OF
1 Zach Bogosian Jared Cowen 60 1 2 2
2 Michael Kostka Mathew Dumba 40 1 2 2
Penalty Kill - 3 Players Forward
Forward Time % Phy DF OF
1 Michael Frolik 60 1 2 2
2 Ilya Kovalchuk 40 1 2 2
Penalty Kill - 3 Players Defense
Defense Defense Time % Phy DF OF
1 Zach Bogosian Jared Cowen 60 1 2 2
2 Michael Kostka Mathew Dumba 40 1 2 2
4 vs 4 Forward
Center Wing Time % Phy DF OF
1 Michael Frolik Ilya Kovalchuk 60 1 2 2
2 Andrei Loktionov Matt Stajan 40 1 2 2
4 vs 4 Defense
Defense Defense Time % Phy DF OF
1 Zach Bogosian Jared Cowen 60 1 2 2
2 Michael Kostka Mathew Dumba 40 1 2 2
Last Minutes Offensive
Center Left Wing Right Wing Defense Defense
Andrei Loktionov Ilya Kovalchuk Michael Frolik Zach Bogosian Jared Cowen
Last Minutes Defensive
Center Left Wing Right Wing Defense Defense
Andrei Loktionov Ilya Kovalchuk Michael Frolik Zach Bogosian Jared Cowen
Goaltenders
Starting : Ondrej Pavelec
Backup : Matt Hackett
Extra Forwards
Normal : Nathan Horton, Patrice Cormier, Shawn Matthias - PP : Nathan Horton, Patrice Cormier - PK : Shawn Matthias
Extra Defensemen
Normal : Vladimir Mihalik, Wes O'Neill, Michael Kostka - PP : Vladimir Mihalik - PK : Wes O'Neill, Michael Kostka
Penalty Shots
Michael Frolik, Ilya Kovalchuk, Andrei Loktionov, Matt Stajan, Thomas Vanek
Scratches
Sebastian Aho (Healthy)
Stars
5 vs 5 Forward
Center Left Wing Right Wing Time % Phy DF OF
1 John Tavares Guillaume Latendresse Michael Grabner 40 1 2 2
2 Antoine Vermette Jussi Jokinen Alex Chiasson 30 1 2 2
3 Cory Emmerton Alexander Frolov B.J. Crombeen 20 1 2 2
4 Evgeny Grachev Ted Purcell Cam Atkinson 10 1 2 2
5 vs 5 Defense
Defense Defense Time % Phy DF OF
1 Ian White Brian Lee 40 1 2 2
2 Shane O'Brien Boris Valabik 30 1 2 2
3 Tyson Barrie Paul Ladue 20 1 2 2
4 Ian White Brian Lee 10 1 2 2
PowerPlay Forward
Center Left Wing Right Wing Time % Phy DF OF
1 John Tavares Guillaume Latendresse Michael Grabner 60 0 1 4
2 Antoine Vermette Jussi Jokinen Alex Chiasson 40 0 1 4
PowerPlay Defense
Defense Defense Time % Phy DF OF
1 Ian White Brian Lee 60 0 1 4
2 Shane O'Brien Boris Valabik 40 0 1 4
Penalty Kill 4 Players Forward
Center Wing Time % Phy DF OF
1 John Tavares Guillaume Latendresse 60 0 3 2
2 Jussi Jokinen Michael Grabner 40 0 3 2
Penalty Kill 4 Players Defense
Defense Defense Time % Phy DF OF
1 Ian White Brian Lee 60 0 3 2
2 Shane O'Brien Boris Valabik 40 0 3 2
Penalty Kill - 3 Players Forward
Forward Time % Phy DF OF
1 John Tavares 60 0 3 2
2 Guillaume Latendresse 40 0 3 2
Penalty Kill - 3 Players Defense
Defense Defense Time % Phy DF OF
1 Ian White Brian Lee 60 0 3 2
2 Shane O'Brien Boris Valabik 40 0 3 2
4 vs 4 Forward
Center Wing Time % Phy DF OF
1 John Tavares Guillaume Latendresse 60 0 2 3
2 Jussi Jokinen Michael Grabner 40 0 2 3
4 vs 4 Defense
Defense Defense Time % Phy DF OF
1 Ian White Brian Lee 60 0 2 3
2 Shane O'Brien Boris Valabik 40 0 2 3
Last Minutes Offensive
Center Left Wing Right Wing Defense Defense
John Tavares Guillaume Latendresse Michael Grabner Ian White Brian Lee
Last Minutes Defensive
Center Left Wing Right Wing Defense Defense
John Tavares Guillaume Latendresse Michael Grabner Ian White Brian Lee
Goaltenders
Starting : Cory Schneider
Backup : Matt Murray
Extra Forwards
Normal : Jussi Jokinen, Cory Emmerton, Evgeny Grachev - PP : Alexander Frolov, Cory Emmerton - PK : Evgeny Grachev
Extra Defensemen
Normal : Shane O'Brien, Boris Valabik, Tyson Barrie - PP : Shane O'Brien - PK : Boris Valabik, Shane O'Brien
Penalty Shots
John Tavares, Guillaume Latendresse, Jussi Jokinen, Michael Grabner, Antoine Vermette
Scratches
Andrej Sustr (Healthy), Damien Brunner (Healthy)
% Time on Ice - Golden Knights
Lines # - Real PCT - Wanted PCT - Time Play
Normal Forward
1 - 32% - 40% - 14:39
2 - 30% - 30% - 13:29
3 - 23% - 20% - 10:30
4 - 15% - 10% - 6:37
Normal Defense
1 - 39% - 40% - 17:26
2 - 31% - 30% - 14:01
3 - 27% - 20% - 12:08
4 - 4% - 10% - 1:40
PP Forward
1 - 62% - 60% - 4:15
2 - 38% - 40% - 2:34
PP Defense
1 - 59% - 60% - 4:01
2 - 41% - 40% - 2:48
PK Forward
1 - 79% - 60% - 6:17
2 - 21% - 40% - 1:39
PK Defense
1 - 60% - 60% - 4:44
2 - 40% - 40% - 3:12
PK3 Forward
1 - 0% - 60%
2 - 0% - 40%
PK3 Defense
1 - 0% - 60%
2 - 0% - 40%
44 Forward
1 - 0% - 60%
2 - 0% - 40%
44 Defense
1 - 0% - 60%
2 - 0% - 40%
Last Minute Offensive - 0:00
Last Minute Defensive - 0:00
Total
Forward - 60:00
Defense - 60:00
|
% Time on Ice - Stars
Lines # - Real PCT - Wanted PCT - Time Play
Normal Forward
1 - 33% - 40% - 15:05
2 - 27% - 30% - 12:10
3 - 24% - 20% - 10:50
4 - 16% - 10% - 7:10
Normal Defense
1 - 38% - 40% - 17:18
2 - 32% - 30% - 14:25
3 - 26% - 20% - 11:36
4 - 4% - 10% - 1:56
PP Forward
1 - 56% - 60% - 4:26
2 - 44% - 40% - 3:30
PP Defense
1 - 51% - 60% - 4:03
2 - 49% - 40% - 3:53
PK Forward
1 - 81% - 60% - 5:30
2 - 19% - 40% - 1:19
PK Defense
1 - 62% - 60% - 4:14
2 - 38% - 40% - 2:35
PK3 Forward
1 - 0% - 60%
2 - 0% - 40%
PK3 Defense
1 - 0% - 60%
2 - 0% - 40%
44 Forward
1 - 0% - 60%
2 - 0% - 40%
44 Defense
1 - 0% - 60%
2 - 0% - 40%
Last Minute Offensive - 0:00
Last Minute Defensive - 0:00
Total
Forward - 60:00
Defense - 60:00
|
Play-by-Play
1st period
0:01 of 1st period - Andrei Loktionov wins face-off versus John Tavares in neutral zone.
0:14 of 1st period - Wrist shot by Michael Frolik.
0:14 of 1st period - Stopped by Cory Schneider without a rebound.
0:15 of 1st period - Antoine Vermette wins face-off versus Matt Stajan in Stars zone.
0:29 of 1st period - Snap shot by Thomas Vanek.
0:29 of 1st period - Stopped by Cory Schneider without a rebound.
0:30 of 1st period - Cory Emmerton wins face-off versus Patrice Cormier in Stars zone.
0:44 of 1st period - Patrice Cormier is hit by Cory Emmerton and loses puck.
0:51 of 1st period - B.J. Crombeen is hit by Vladimir Mihalik and loses puck.
1:06 of 1st period - Sergei Plotnikov is hit by Alexander Frolov and loses puck.
1:55 of 1st period - Slapshot by Cory Emmerton.
1:55 of 1st period - Shot Misses the Net.
1:57 of 1st period - Slapshot by Guillaume Latendresse.
1:57 of 1st period - Shot Misses the Net.
1:59 of 1st period - Wrist shot by Michael Grabner.
1:59 of 1st period - Deflect By Zach Bogosian.
1:59 of 1st period - Stopped by Ondrej Pavelec with a rebound.
2:01 of 1st period - Wrist shot by Tyson Barrie.
2:01 of 1st period - Deflect By John Tavares.
2:01 of 1st period - Stopped by Ondrej Pavelec with a rebound.
2:03 of 1st period - Slapshot by Paul Ladue.
2:03 of 1st period - Stopped by Ondrej Pavelec without a rebound.
2:04 of 1st period - Patrice Cormier wins face-off versus Antoine Vermette in Golden Knights zone.
2:21 of 1st period - Wrist shot by Shawn Matthias.
2:21 of 1st period - Stopped by Cory Schneider without a rebound.
2:22 of 1st period - John Tavares wins face-off versus Andrei Loktionov in Stars zone.
2:40 of 1st period - Icing by Jared Cowen.
2:41 of 1st period - Evgeny Grachev wins face-off versus Andrei Loktionov in Golden Knights zone.
3:02 of 1st period - Ilya Kovalchuk is hit by Ian White and loses puck.
3:15 of 1st period - Slapshot by Zach Bogosian.
3:15 of 1st period - Shot Misses the Net.
3:17 of 1st period - Slapshot by Jared Cowen.
3:17 of 1st period - Deflect By Wayne Simmonds.
3:17 of 1st period - Shot Misses the Net.
3:17 of 1st period - Puck is out of play.
3:18 of 1st period - Matt Stajan wins face-off versus Antoine Vermette in Stars zone.
3:47 of 1st period - Wrist shot by Matt Stajan.
3:47 of 1st period - Stopped by Cory Schneider without a rebound.
3:48 of 1st period - John Tavares wins face-off versus Andrei Loktionov in Stars zone.
4:06 of 1st period - Snap shot by Guillaume Latendresse.
4:06 of 1st period - Stopped by Ondrej Pavelec with a rebound.
4:23 of 1st period - Snap shot by John Tavares.
4:23 of 1st period - Shot Misses the Net.
5:07 of 1st period - Wrist shot by Michael Frolik.
5:07 of 1st period - Shot Blocked by Brian Lee.
5:09 of 1st period - Wrist shot by Ilya Kovalchuk.
5:09 of 1st period - Goal by Ilya Kovalchuk - Golden Knights : 1 - Stars : 0.
5:10 of 1st period - Antoine Vermette wins face-off versus Patrice Cormier in neutral zone.
5:36 of 1st period - Jared Cowen is hit by Evgeny Grachev and loses puck.
5:55 of 1st period - Cam Atkinson is hit by Mathew Dumba and loses puck.
6:22 of 1st period - Slapshot by Ted Purcell.
6:22 of 1st period - Shot Blocked by Michael Kostka.
7:30 of 1st period - Snap shot by Matt Stajan.
7:30 of 1st period - Shot Misses the Net.
8:19 of 1st period - Snap shot by Andrei Loktionov.
8:19 of 1st period - Shot Blocked by Ian White.
8:21 of 1st period - Slapshot by Zach Bogosian.
8:21 of 1st period - Shot Misses the Net.
8:23 of 1st period - Slapshot by Ilya Kovalchuk.
8:23 of 1st period - Stopped by Cory Schneider with a rebound.
8:25 of 1st period - Wrist shot by Ilya Kovalchuk.
8:25 of 1st period - Stopped by Cory Schneider with a rebound.
8:27 of 1st period - Snap shot by Andrei Loktionov.
8:27 of 1st period - Stopped by Cory Schneider with a rebound.
8:29 of 1st period - Snap shot by Andrei Loktionov.
8:29 of 1st period - Shot Misses the Net.
8:39 of 1st period - Ian White is hit by Thomas Vanek and loses puck.
8:48 of 1st period - Slapshot by Wayne Simmonds.
8:48 of 1st period - Shot Misses the Net.
9:08 of 1st period - Alexander Frolov is hit by Vladimir Mihalik and loses puck.
9:50 of 1st period - Snap shot by Thomas Vanek.
9:50 of 1st period - Shot Blocked by Shane O'Brien.
9:52 of 1st period - Slapshot by Mathew Dumba.
9:52 of 1st period - Stopped by Cory Schneider without a rebound.
9:53 of 1st period - Matt Stajan wins face-off versus Evgeny Grachev in Stars zone.
10:00 of 1st period - Snap shot by Matt Stajan.
10:00 of 1st period - Stopped by Cory Schneider with a rebound.
10:41 of 1st period - Jussi Jokinen is hit by Mathew Dumba and loses puck.
11:03 of 1st period - Wrist shot by Jussi Jokinen.
11:03 of 1st period - Shot Blocked by Patrice Cormier.
11:07 of 1st period - Slapshot by Jussi Jokinen.
11:07 of 1st period - Shot Blocked by Patrice Cormier.
11:09 of 1st period - Slapshot by Shane O'Brien.
11:09 of 1st period - Shot Blocked by Jared Cowen.
11:11 of 1st period - Snap shot by Alex Chiasson.
11:11 of 1st period - Stars goal is going for a video replay.
11:11 of 1st period - The goal is good.
11:11 of 1st period - Goal by Alex Chiasson - Golden Knights : 1 - Stars : 1.
11:12 of 1st period - Andrei Loktionov wins face-off versus John Tavares in neutral zone.
11:27 of 1st period - Zach Bogosian is hit by John Tavares and loses puck.
12:24 of 1st period - Nathan Horton is hit by Shane O'Brien and loses puck.
12:31 of 1st period - Wrist shot by Evgeny Grachev.
12:31 of 1st period - Stopped by Ondrej Pavelec with a rebound.
12:33 of 1st period - Slapshot by Paul Ladue.
12:33 of 1st period - Deflect By Evgeny Grachev.
12:33 of 1st period - Shot Misses the Net.
12:33 of 1st period - Puck is out of play.
12:34 of 1st period - Andrei Loktionov wins face-off versus John Tavares in Golden Knights zone.
12:34 of 1st period - Andrei Loktionov is hit by Guillaume Latendresse.
12:52 of 1st period - John Tavares is hit by Andrei Loktionov and loses puck.
13:09 of 1st period - Wrist shot by Michael Grabner.
13:09 of 1st period - Stopped by Ondrej Pavelec with a rebound.
13:11 of 1st period - Snap shot by John Tavares.
13:11 of 1st period - Deflect By Guillaume Latendresse.
13:11 of 1st period - Shot Blocked by Chris Tierney.
13:11 of 1st period - Puck is out of play.
13:12 of 1st period - Alex Chiasson wins face-off versus Matt Stajan in Golden Knights zone.
16:17 of 1st period - Snap shot by Shawn Matthias.
16:17 of 1st period - Shot Misses the Net.
16:47 of 1st period - Michael Grabner is hit by Ilya Kovalchuk and loses puck.
16:54 of 1st period - Wrist shot by Michael Frolik.
16:54 of 1st period - Stopped by Cory Schneider without a rebound.
16:55 of 1st period - Antoine Vermette wins face-off versus Andrei Loktionov in Stars zone.
17:12 of 1st period - Slapshot by Jussi Jokinen.
17:12 of 1st period - Goal by Jussi Jokinen - Golden Knights : 1 - Stars : 2.
17:13 of 1st period - Andrei Loktionov wins face-off versus John Tavares in neutral zone.
17:15 of 1st period - Off-side.
17:16 of 1st period - Andrei Loktionov wins face-off versus John Tavares in neutral zone.
17:43 of 1st period - Jussi Jokinen is hit by Thomas Vanek and loses puck.
18:14 of 1st period - Shawn Matthias is hit by Cory Emmerton.
18:18 of 1st period - Nathan Horton is hit by Cory Emmerton.
18:28 of 1st period - Slapshot by Zach Bogosian.
18:28 of 1st period - Stopped by Cory Schneider without a rebound.
18:29 of 1st period - Evgeny Grachev wins face-off versus Chris Tierney in Stars zone.
18:29 of 1st period - Evgeny Grachev is hit by Mathew Dumba.
18:43 of 1st period - Wrist shot by Cam Atkinson.
18:43 of 1st period - Shot Misses the Net.
18:55 of 1st period - Mathew Dumba is hit by Paul Ladue and loses puck.
19:00 of 1st period - Wrist shot by Alex Chiasson.
19:00 of 1st period - Shot Misses the Net.
19:02 of 1st period - Snap shot by Antoine Vermette.
19:02 of 1st period - Shot Misses the Net.
19:04 of 1st period - Slapshot by Ian White.
19:04 of 1st period - Deflect By Jussi Jokinen.
19:04 of 1st period - Stopped by Ondrej Pavelec without a rebound.
19:05 of 1st period - Andrei Loktionov wins face-off versus John Tavares in Golden Knights zone.
19:09 of 1st period - Off-side.
19:10 of 1st period - John Tavares wins face-off versus Ilya Kovalchuk in neutral zone.
Goals for this period are 1 for Golden Knights vs 2 for Stars.
Shots for this period are 12 for Golden Knights vs 9 for Stars.
2nd period
0:01 of 2nd period - John Tavares wins face-off versus Andrei Loktionov in neutral zone.
0:33 of 2nd period - Slapshot by Zach Bogosian.
0:33 of 2nd period - Deflect By Matt Stajan.
0:33 of 2nd period - Shot Blocked by Jussi Jokinen.
0:33 of 2nd period - Puck is out of play.
0:34 of 2nd period - Matt Stajan wins face-off versus Antoine Vermette in Stars zone.
0:43 of 2nd period - Snap shot by Wayne Simmonds.
0:43 of 2nd period - Shot Blocked by Shane O'Brien.
0:45 of 2nd period - Minor Penalty to Boris Valabik for Cross-checking.
0:46 of 2nd period - Andrei Loktionov wins face-off versus John Tavares in Stars zone.
0:57 of 2nd period - Wrist shot by Andrei Loktionov.
0:57 of 2nd period - Stopped by Cory Schneider with a rebound.
0:59 of 2nd period - Slapshot by Jared Cowen.
0:59 of 2nd period - Deflect By Michael Frolik.
0:59 of 2nd period - Shot Misses the Net.
0:59 of 2nd period - Puck is out of play.
1:00 of 2nd period - Andrei Loktionov wins face-off versus John Tavares in Stars zone.
1:01 of 2nd period - Slapshot by Zach Bogosian.
1:01 of 2nd period - Stopped by Cory Schneider with a rebound.
1:03 of 2nd period - Wrist shot by Michael Frolik.
1:03 of 2nd period - Shot Misses the Net.
1:05 of 2nd period - Wrist shot by Michael Frolik.
1:05 of 2nd period - Shot Blocked by Guillaume Latendresse.
1:07 of 2nd period - Slapshot by Jared Cowen.
1:07 of 2nd period - Goal by Jared Cowen - Golden Knights : 2 - Stars : 2.
1:08 of 2nd period - Andrei Loktionov wins face-off versus John Tavares in neutral zone.
1:42 of 2nd period - Snap shot by Alex Chiasson.
1:42 of 2nd period - Stopped by Ondrej Pavelec without a rebound.
1:43 of 2nd period - Antoine Vermette wins face-off versus Matt Stajan in Golden Knights zone.
1:56 of 2nd period - Wrist shot by Alex Chiasson.
1:56 of 2nd period - Stopped by Ondrej Pavelec with a rebound.
1:58 of 2nd period - Slapshot by Jussi Jokinen.
1:58 of 2nd period - Shot Misses the Net.
2:00 of 2nd period - Snap shot by Boris Valabik.
2:00 of 2nd period - Deflect By Alex Chiasson.
2:00 of 2nd period - Shot Misses the Net.
2:00 of 2nd period - Puck is out of play.
2:01 of 2nd period - Andrei Loktionov wins face-off versus John Tavares in Golden Knights zone.
2:03 of 2nd period - Minor Penalty to Andrei Loktionov for Holding Stick.
2:04 of 2nd period - Ilya Kovalchuk wins face-off versus John Tavares in Golden Knights zone.
2:11 of 2nd period - Icing by Brian Lee.
2:12 of 2nd period - Michael Frolik wins face-off versus John Tavares in Stars zone.
2:15 of 2nd period - Snap shot by Ilya Kovalchuk.
2:15 of 2nd period - Shot Blocked by Brian Lee.
2:37 of 2nd period - Wrist shot by Guillaume Latendresse.
2:37 of 2nd period - Shot Blocked by Jared Cowen.
2:53 of 2nd period - Slapshot by Brian Lee.
2:53 of 2nd period - Stopped by Ondrej Pavelec with a rebound.
2:55 of 2nd period - Snap shot by John Tavares.
2:55 of 2nd period - Shot Misses the Net.
2:57 of 2nd period - Slapshot by Brian Lee.
2:57 of 2nd period - Shot Blocked by Mathew Dumba.
2:59 of 2nd period - Slapshot by Michael Grabner.
2:59 of 2nd period - Stopped by Ondrej Pavelec without a rebound.
3:00 of 2nd period - Michael Frolik wins face-off versus Antoine Vermette in Golden Knights zone.
3:44 of 2nd period - Snap shot by Alex Chiasson.
3:44 of 2nd period - Shot Misses the Net.
4:03 of 2nd period - Penalty to Andrei Loktionov is over, Andrei Loktionov is back on ice.
4:16 of 2nd period - B.J. Crombeen is hit by Matt Stajan and loses puck.
4:45 of 2nd period - Brian Lee is hit by Patrice Cormier and loses puck.
5:20 of 2nd period - Backhand shot by Thomas Vanek.
5:20 of 2nd period - Shot Blocked by Evgeny Grachev.
5:32 of 2nd period - Slapshot by Zach Bogosian.
5:32 of 2nd period - Shot Blocked by John Tavares.
5:34 of 2nd period - Slapshot by Jared Cowen.
5:34 of 2nd period - Deflect By Chris Tierney.
5:34 of 2nd period - Shot Misses the Net.
5:34 of 2nd period - Puck is out of play.
5:35 of 2nd period - John Tavares wins face-off versus Chris Tierney in Stars zone.
6:02 of 2nd period - Alex Chiasson is hit by Ilya Kovalchuk and loses puck.
6:27 of 2nd period - Wrist shot by Wayne Simmonds.
6:27 of 2nd period - Goal by Wayne Simmonds - Golden Knights : 3 - Stars : 2.
6:28 of 2nd period - Michael Grabner wins face-off versus Andrei Loktionov in neutral zone.
6:52 of 2nd period - Minor Penalty to John Tavares for Hooking.
6:53 of 2nd period - Evgeny Grachev wins face-off versus Andrei Loktionov in Stars zone.
7:02 of 2nd period - Wrist shot by Michael Frolik.
7:02 of 2nd period - Stopped by Cory Schneider without a rebound.
7:03 of 2nd period - Andrei Loktionov wins face-off versus Evgeny Grachev in Stars zone.
7:22 of 2nd period - Backhand shot by Ilya Kovalchuk.
7:22 of 2nd period - Goal by Ilya Kovalchuk - Golden Knights : 4 - Stars : 2.
7:22 of 2nd period - Matt Murray enters game.
7:23 of 2nd period - Andrei Loktionov wins face-off versus John Tavares in neutral zone.
7:38 of 2nd period - Wrist shot by Michael Frolik.
7:38 of 2nd period - Deflect By Ilya Kovalchuk.
7:38 of 2nd period - Stopped by Matt Murray without a rebound.
7:39 of 2nd period - Antoine Vermette wins face-off versus Matt Stajan in Stars zone.
7:50 of 2nd period - Snap shot by Jussi Jokinen.
7:50 of 2nd period - Shot Misses the Net.
8:59 of 2nd period - Slapshot by Evgeny Grachev.
8:59 of 2nd period - Shot Blocked by Vladimir Mihalik.
9:01 of 2nd period - Snap shot by Cam Atkinson.
9:01 of 2nd period - Stopped by Ondrej Pavelec with a rebound.
9:03 of 2nd period - Slapshot by Boris Valabik.
9:03 of 2nd period - Shot Blocked by Wes O'Neill.
9:25 of 2nd period - Snap shot by John Tavares.
9:25 of 2nd period - Stopped by Ondrej Pavelec without a rebound.
9:26 of 2nd period - John Tavares wins face-off versus Andrei Loktionov in Golden Knights zone.
10:36 of 2nd period - Slapshot by Patrice Cormier.
10:36 of 2nd period - Shot Misses the Net.
10:48 of 2nd period - Snap shot by Nathan Horton.
10:48 of 2nd period - Stopped by Matt Murray with a rebound.
10:50 of 2nd period - Slapshot by Michael Kostka.
10:50 of 2nd period - Shot Blocked by Guillaume Latendresse.
11:07 of 2nd period - Minor Penalty to Boris Valabik for Hooking.
11:08 of 2nd period - Andrei Loktionov wins face-off versus John Tavares in Stars zone.
11:39 of 2nd period - Off-side.
11:40 of 2nd period - Jussi Jokinen wins face-off versus Matt Stajan in neutral zone.
13:07 of 2nd period - Penalty to Boris Valabik is over, Boris Valabik is back on ice.
13:12 of 2nd period - B.J. Crombeen is hit by Thomas Vanek and loses puck.
13:28 of 2nd period - Shawn Matthias is hit by Jussi Jokinen and loses puck.
13:52 of 2nd period - Snap shot by Sergei Plotnikov.
13:52 of 2nd period - Shot Misses the Net.
14:16 of 2nd period - Slapshot by Michael Grabner.
14:16 of 2nd period - Goal by Michael Grabner - Golden Knights : 4 - Stars : 3.
14:17 of 2nd period - Andrei Loktionov wins face-off versus John Tavares in neutral zone.
14:43 of 2nd period - Minor Penalty to Guillaume Latendresse for High sticking.
14:44 of 2nd period - John Tavares wins face-off versus Andrei Loktionov in Stars zone.
16:43 of 2nd period - Penalty to Guillaume Latendresse is over, Guillaume Latendresse is back on ice.
17:14 of 2nd period - Icing by Vladimir Zharkov.
17:15 of 2nd period - Cory Emmerton wins face-off versus Chris Tierney in Golden Knights zone.
17:24 of 2nd period - Wrist shot by Chris Tierney.
17:24 of 2nd period - Stopped by Matt Murray without a rebound.
17:25 of 2nd period - Alex Chiasson wins face-off versus Andrei Loktionov in Stars zone.
17:32 of 2nd period - Slapshot by Paul Ladue.
17:32 of 2nd period - Stopped by Ondrej Pavelec with a rebound.
17:42 of 2nd period - Zach Bogosian is hit by Paul Ladue and loses puck.
17:59 of 2nd period - Wrist shot by Nathan Horton.
17:59 of 2nd period - Shot Misses the Net.
18:35 of 2nd period - Matt Stajan is hit by Alexander Frolov and loses puck.
19:03 of 2nd period - Slapshot by Matt Stajan.
19:03 of 2nd period - Stopped by Matt Murray without a rebound.
19:04 of 2nd period - John Tavares wins face-off versus Andrei Loktionov in Stars zone.
19:14 of 2nd period - Minor Penalty to Ilya Kovalchuk for Hooking.
19:15 of 2nd period - John Tavares wins face-off versus Michael Frolik in Golden Knights zone.
19:15 of 2nd period - Wrist shot by Guillaume Latendresse.
19:15 of 2nd period - Shot Hit the Post.
Goals for this period are 3 for Golden Knights vs 1 for Stars.
Shots for this period are 10 for Golden Knights vs 8 for Stars.
3rd period
0:01 of 3rd period - Michael Frolik wins face-off versus John Tavares in neutral zone.
1:14 of 3rd period - Penalty to Ilya Kovalchuk is over, Ilya Kovalchuk is back on ice.
1:31 of 3rd period - Slapshot by Mathew Dumba.
1:31 of 3rd period - Deflect By Alexander Frolov.
1:31 of 3rd period - Stopped by Matt Murray with a rebound.
1:33 of 3rd period - Snap shot by Matt Stajan.
1:33 of 3rd period - Shot Misses the Net.
2:47 of 3rd period - Backhand shot by Zach Bogosian.
2:47 of 3rd period - Stopped by Matt Murray with a rebound.
3:21 of 3rd period - Wrist shot by John Tavares.
3:21 of 3rd period - Shot Misses the Net.
3:35 of 3rd period - Snap shot by Jussi Jokinen.
3:35 of 3rd period - Shot Misses the Net.
3:57 of 3rd period - Snap shot by Ted Purcell.
3:57 of 3rd period - Stopped by Ondrej Pavelec with a rebound.
3:59 of 3rd period - Slapshot by Paul Ladue.
3:59 of 3rd period - Stopped by Ondrej Pavelec with a rebound.
4:01 of 3rd period - Slapshot by Tyson Barrie.
4:01 of 3rd period - Shot Misses the Net.
4:22 of 3rd period - Snap shot by Patrice Cormier.
4:22 of 3rd period - Shot Misses the Net.
4:24 of 3rd period - Slapshot by Nathan Horton.
4:24 of 3rd period - Stopped by Matt Murray without a rebound.
4:25 of 3rd period - Jussi Jokinen wins face-off versus Michael Frolik in Stars zone.
5:17 of 3rd period - Thomas Vanek is hit by John Tavares and loses puck.
5:23 of 3rd period - Minor Penalty to Vladimir Mihalik for Interference.
5:24 of 3rd period - Michael Frolik wins face-off versus John Tavares in Golden Knights zone.
7:23 of 3rd period - Penalty to Vladimir Mihalik is over, Vladimir Mihalik is back on ice.
7:55 of 3rd period - Alexander Frolov is hit by Nathan Horton.
7:59 of 3rd period - Wes O'Neill is hit by Alexander Frolov and loses puck.
8:38 of 3rd period - Cam Atkinson is hit by Michael Kostka and loses puck.
9:23 of 3rd period - Slapshot by Zach Bogosian.
9:23 of 3rd period - Shot Misses the Net.
9:25 of 3rd period - Slapshot by Zach Bogosian.
9:25 of 3rd period - Shot Blocked by Tyson Barrie.
10:06 of 3rd period - Snap shot by Sergei Plotnikov.
10:06 of 3rd period - Deflect By Chris Tierney.
10:06 of 3rd period - Stopped by Matt Murray without a rebound.
10:07 of 3rd period - Antoine Vermette wins face-off versus Andrei Loktionov in Stars zone.
10:14 of 3rd period - Slapshot by Michael Frolik.
10:14 of 3rd period - Shot Blocked by Shane O'Brien.
10:16 of 3rd period - Snap shot by Andrei Loktionov.
10:16 of 3rd period - Stopped by Matt Murray with a rebound.
10:18 of 3rd period - Snap shot by Michael Frolik.
10:18 of 3rd period - Stopped by Matt Murray without a rebound.
10:19 of 3rd period - John Tavares wins face-off versus Andrei Loktionov in Stars zone.
10:39 of 3rd period - Boris Valabik is hit by Andrei Loktionov and loses puck.
10:46 of 3rd period - Minor Penalty to Shane O'Brien for Interference.
10:47 of 3rd period - John Tavares wins face-off versus Andrei Loktionov in Stars zone.
11:39 of 3rd period - Brian Lee is hit by Mathew Dumba.
12:46 of 3rd period - Penalty to Shane O'Brien is over, Shane O'Brien is back on ice.
13:00 of 3rd period - Paul Ladue is hit by Vladimir Zharkov and loses puck.
13:13 of 3rd period - Icing by Chris Tierney.
13:14 of 3rd period - Chris Tierney wins face-off versus Antoine Vermette in Golden Knights zone.
13:23 of 3rd period - Wrist shot by Vladimir Zharkov.
13:23 of 3rd period - Stopped by Matt Murray without a rebound.
13:24 of 3rd period - Matt Stajan wins face-off versus Antoine Vermette in Stars zone.
13:41 of 3rd period - Matt Stajan is hit by Antoine Vermette and loses puck.
14:04 of 3rd period - Wrist shot by Alex Chiasson.
14:04 of 3rd period - Stopped by Ondrej Pavelec with a rebound.
14:06 of 3rd period - Minor Penalty to Zach Bogosian for Hooking.
14:07 of 3rd period - John Tavares wins face-off versus Michael Frolik in Golden Knights zone.
14:20 of 3rd period - Wrist shot by Michael Grabner.
14:20 of 3rd period - Deflect By John Tavares.
14:20 of 3rd period - Shot Misses the Net.
14:20 of 3rd period - Puck is out of play.
14:21 of 3rd period - John Tavares wins face-off versus Ilya Kovalchuk in Golden Knights zone.
14:48 of 3rd period - Brian Lee is hit by Andrei Loktionov and loses puck.
14:57 of 3rd period - Snap shot by Alex Chiasson.
14:57 of 3rd period - Shot Blocked by Jared Cowen.
15:27 of 3rd period - Mathew Dumba is hit by Guillaume Latendresse and loses puck.
16:06 of 3rd period - Penalty to Zach Bogosian is over, Zach Bogosian is back on ice.
16:58 of 3rd period - Slapshot by Brian Lee.
16:58 of 3rd period - Stopped by Ondrej Pavelec with a rebound.
17:08 of 3rd period - Wrist shot by Zach Bogosian.
17:08 of 3rd period - Shot Misses the Net.
17:10 of 3rd period - Wrist shot by Zach Bogosian.
17:10 of 3rd period - Stopped by Matt Murray without a rebound.
17:11 of 3rd period - John Tavares wins face-off versus Andrei Loktionov in Stars zone.
17:18 of 3rd period - Wrist shot by John Tavares.
17:18 of 3rd period - Stopped by Ondrej Pavelec with a rebound.
17:20 of 3rd period - Snap shot by Guillaume Latendresse.
17:20 of 3rd period - Shot Misses the Net.
17:22 of 3rd period - Wrist shot by Guillaume Latendresse.
17:22 of 3rd period - Shot Misses the Net.
17:24 of 3rd period - Snap shot by Michael Grabner.
17:24 of 3rd period - Shot Blocked by Michael Kostka.
18:01 of 3rd period - Alex Chiasson is hit by Wayne Simmonds and loses puck.
18:22 of 3rd period - Snap shot by Thomas Vanek.
18:22 of 3rd period - Goal by Thomas Vanek - Golden Knights : 5 - Stars : 3.
18:23 of 3rd period - Cory Emmerton wins face-off versus Andrei Loktionov in neutral zone.
18:34 of 3rd period - Jared Cowen is hit by Alexander Frolov and loses puck.
18:49 of 3rd period - Patrice Cormier is hit by Guillaume Latendresse and loses puck.
18:56 of 3rd period - Wrist shot by Guillaume Latendresse.
18:56 of 3rd period - Stopped by Ondrej Pavelec without a rebound.
18:57 of 3rd period - John Tavares wins face-off versus Patrice Cormier in Golden Knights zone.
19:33 of 3rd period - Slapshot by Matt Stajan.
19:33 of 3rd period - Shot Misses the Net.
Goals for this period are 1 for Golden Knights vs 0 for Stars.
Shots for this period are 9 for Golden Knights vs 6 for Stars.